 Dungeon Crawl Stone Soup version 0.21-a0-421-gfc1ce30 (webtiles) character file.

39 KristoblXynda the Charlatan (level 3, -1/28 HPs)
             Began as a Draconian Artificer on Nov 4, 2017.
             Slain by a worm (7 damage)
             ... on level 2 of the Dungeon.
             The game lasted 00:02:21 (922 turns).

KristoblXynda the Charlatan (Draconian Artificer)    Turns: 922, Time: 00:02:22

Health: -1/28      AC:  6    Str: 14    XL:     3   Next: 28%
Magic:  5/5        EV: 12    Int: 12    God:
Gold:   42         SH:  0    Dex: 11    Spells: 2/2 levels left

rFire    . . .     SeeInvis .   a - +0 short sword
rCold    . . .     Gourm    .   (no shield)
rNeg     . . .     Faith    .   (armour unavailable)
rPois    .         Spirit   .   (helmet restricted)
rElec    .         Reflect  .   (no cloak)
rCorr    .         Harm     .   (no gloves)
MR       .....                  i - +0 pair of boots (curse)
Stlth    +.........             (no amulet)
HPRegen  0.09/turn              (no ring)
MPRegen  0.09/turn              (no ring)

@: no status effects
A: unfitting armour, cold-blooded, AC +5
a: no special abilities


You were on level 2 of the Dungeon.
You were not hungry.

You visited 1 branch of the dungeon, and saw 2 of its levels.

You collected 42 gold pieces.

Inventory:

Hand Weapons
 a - a +0 short sword (weapon)
Armour
 i - a cursed +0 pair of boots (worn)
Jewellery
 k - a +1 ring of evasion {unknown}
Wands
 b - a wand of flame (11/48)
 c - a wand of enslavement (15/24)
 d - a wand of random effects (13/48)
Scrolls
 h - a scroll of remove curse {unknown}
 l - a scroll of enchant armour {unknown}
Potions
 e - a potion of curing {unknown}
 g - a potion of heal wounds {unknown}
Comestibles
 f - 2 bread rations
 j - a royal jelly


   Skills:
 - Level 1.1 Fighting
 + Level 2.0 Short Blades
 + Level 2.4 Dodging
 - Level 0.8 Stealth
 + Level 3.5 Evocations


You had 2 spell levels left.
You didn't know any spells.

Dungeon Overview and Level Annotations

Branches:
Dungeon (2/15)

Altars:


Innate Abilities, Weirdness & Mutations

Your plain brown scales are hard. (AC +5)
You cannot fit into any form of body armour.
You are cold-blooded and may be slowed by cold attacks.


Message History

The worm is moderately wounded.
The hobgoblin hits you but does no damage.
You hit the worm.
The worm is heavily wounded.
The worm bites you. The hobgoblin barely misses you.
You hit the worm.
The worm is severely wounded.
The worm bites you!
* * * LOW HITPOINT WARNING * * *
You see here a giant cockroach corpse.
You hit the hobgoblin but do no damage.
The hobgoblin hits you but does no damage.
You closely miss the hobgoblin. The hobgoblin closely misses you.
You barely miss the hobgoblin. The hobgoblin closely misses you.
You hit the hobgoblin.
You kill the hobgoblin!
You hit the worm.
The worm is heavily wounded.
The worm bites you!
You die...

.........# #.#.##
.#.......###.#.#######.
######.##.........(...
.# #####.##.#.#.######..
.# #........#.#.# .#.
#.###.####.#.######<
.#.##.###.####..........
.......<.......#)######.
##........####.#@#
####..#### #.#w# # ##)#
#.#.# ######.#
#.#.####.# ...)...#
#........# #####..#
#..#.##### # #..#
#.....#.# #..# #.....#.#
#.............#


You could see a worm.

Vanquished Creatures
  A gnoll (D:1)
  A leopard gecko (D:1)
  A ball python (D:1)
  5 bats (D:1)
  A giant cockroach (D:2)
  6 goblins
  5 hobgoblins
  3 frilled lizards
  3 rats
26 creatures vanquished.

Notes
Turn   | Place    | Note
-------+----------+-------------------------------------------
     0 | D:1      | KristoblXynda the Draconian Artificer began the quest for the Orb.
     0 | D:1      | Reached XP level 1. HP: 16/16 MP: 3/3
    23 | D:1      | Reached XP level 2. HP: 23/23 MP: 4/4
   391 | D:1      | Reached XP level 3. HP: 28/28 MP: 5/5
   922 | D:2      | Slain by a worm

Vault maps used:
D:1:      dpeg_arrival_lava_altar, grunt_decor_mini_mirrors
D:2:      cheibrodos_pilgrimage, old_standard_altar, first_bread

Skill      XL: |  1  2  3 |
---------------+----------+-----
Dodging        | 2 |  2.4
Short Blades   | 2 |  2.0
Fighting       | |  1.1
Stealth        | |  0.8
Evocations     | |  3.5

Action                   || total
-------------------------++-------
Melee: Short sword       ||    80
       Tailslap          ||    10
Evoke: Wand              ||     6
 Stab: Sleeping          ||     2
Armor: Skin              ||    33
Dodge: Dodged            ||    50

Table legend:
 A = Spawn XP
 B = Non-spawn XP
 C = Spawn XP percentage of total XP
 D = Spawn monster count
 E = Non-spawn monster count
 F = Spawn count percentage of total count
 G = Total turns spent on level
                    A         B        C        D         E        F      G
               +---------+---------+-------+---------+---------+-------+---------
         Total |       0 |      57 |   0.0 |       0 |      26 |   0.0 |   922
               +---------+---------+-------+---------+---------+-------+---------
           D:1 |       0 |      47 |   0.0 |       0 |      20 |   0.0 |   827
           D:2 |       0 |      10 |   0.0 |       0 |       6 |   0.0 |    95
               +---------+---------+-------+---------+---------+-------+---------
